 Dungeon Crawl Stone Soup version 0.31-b1-20-g67cafac56d (webtiles) character file.

Game seed: 3460102047594853441

14488 jagang the Fighter (level 12, -7/99 HPs)
             Began as a Human Monk on Jan 17, 2024.
             Was a Priest of the Shining One.
             Mangled by a goliath frog (13 damage)
             ... on level 8 of the Dungeon.
             The game lasted 00:33:53 (8218 turns).

jagang the Fighter (Human Monk)                     Turns: 8218, Time: 00:33:55

Health: -7/99      AC: 16    Str: 17    XL:     12   Next: 17%
Magic:  0/13       EV:  1    Int: 10    God:    the Shining One [***...]
Gold:   629        SH: 30    Dex: 22    Spells: 11/11 levels left

rFire   . . .        y - +0 mace
rCold   + . .        r - +18 shield of the Gong {Loud rN+ Will+ rCorr EV-5}
rNeg    + + +        s - +1 plate armour
rPois   .            L - +0 helmet
rElec   .            (no cloak)
rCorr   +            I - +0 pair of gloves
SInv    .            l - +0 pair of boots
Will    +....        d - amulet of guardian spirit Stlth
                     v - ring of Incredulity {rC+ Str+6 Stlth+}
HPRegen 0.36/turn    J - ring of positive energy
MPRegen 0.13/turn

%: guardian spirit
@: about to teleport, corroded, glowing, studying Long Blades
A: explore regen
a: Renounce Religion, Divine Shield, Cleansing Flame


You were on level 8 of the Dungeon.
You worshipped the Shining One.
The Shining One was most pleased with you.
You visited 2 branches of the dungeon, and saw 9 of its levels.
You also visited: Ossuary and Bailey.

You collected 629 gold pieces.

Inventory:

Hand Weapons
 u - the +6 dagger of Gefenob {holy, Will+ Int-2 Stlth+}
   (You found it on level 4 of the Dungeon)

   Int-2:     It affects your intelligence (-2).
   Will+:     It increases your willpower.
   Stlth+:    It makes you more stealthy.
 y - a +0 mace (weapon)
 O - the +1 short sword of Cuah {antimagic, rElec rCorr}
   (You took it off a crimson imp on level 5 of the Dungeon)

   rElec:     It insulates you from electricity.
   rCorr:     It protects you from acid and corrosion.
 T - a +1 scimitar
 U - a +0 scimitar
Missiles
 t - 10 boomerangs (quivered)
 N - 14 poisoned darts
Armour
 l - a +0 pair of boots (worn)
 p - a +3 ring mail
 r - the +18 shield of the Gong (worn) {Loud rN+ Will+ rCorr EV-5}
   (You found it on level 3 of the Dungeon)

   Loud:      It is deafeningly noisy when blocking attacks.
   EV-5:      It affects your evasion (-5).
   rN+:       It protects you from negative energy.
   Will+:     It increases your willpower.
   rCorr:     It protects you from acid and corrosion.
 s - a +1 plate armour (worn)
 I - a +0 pair of gloves (worn)
 L - a +0 helmet (worn)
Jewellery
 d - an amulet of guardian spirit (around neck)
 v - the ring of Incredulity (left hand) {rC+ Str+6 Stlth+}
   (You found it on level 4 of the Dungeon)

   [ring of strength]

   Str+6:     It affects your strength (+6).
   rC+:       It protects you from cold.
   Stlth+:    It makes you more stealthy.
 w - a ring of see invisible
 J - a ring of positive energy (right hand)
 S - a ring of protection from cold
 W - a ring of flight
Wands
 M - a wand of iceblast (7)
 P - a wand of light (13)
 R - a wand of charming (15)
Scrolls
 a - a scroll of revelation
 e - 4 scrolls of immolation
 h - 4 scrolls of teleportation
 m - a scroll of amnesia
 n - 2 scrolls of blinking
 q - 2 scrolls of fog
 E - a scroll of vulnerability
 G - a scroll of noise
 Q - a scroll of poison
Potions
 b - 3 potions of haste {unknown}
 c - a potion of ambrosia
 f - 2 potions of lignification {unknown}
 i - 3 potions of invisibility {unknown}
 k - 2 potions of mutation {unknown}
 o - a potion of enlightenment {unknown}
 x - 6 potions of heal wounds {unknown}
 z - 2 potions of magic {unknown}
 A - 4 potions of curing {unknown}
 B - a potion of degeneration {unknown}
 C - 2 potions of might {unknown}
 D - 2 potions of attraction {unknown}
 H - a potion of resistance {unknown}
Miscellaneous
 j - a lightning rod (4/4)
 X - a phantom mirror
 Y - a tin of tremorstones (2/2)


   Skills:
 * Level 10.9 Fighting
 * Level 10.8 Long Blades
 - Level 2.0 Throwing
 * Level 10.2 Armour
 - Level 3.0 Dodging
 + Level 7.0 Shields
 + Level 2.3 Invocations


You had 11 spell levels left.
You didn't know any spells.
Your spell library contained the following spells:

 Spells                   Type           Power      Damage    Failure   Level
 Sandblast                Erth           0%         2d4       100%        1
 Shock                    Conj/Air       0%         1d3       100%        1
 Sting                    Conj/Alch      0%         1d3       100%        1
 Summon Small Mammal      Summ           0%         N/A       100%        1
 Blink                    Tloc           0%         N/A       100%        2
 Lesser Beckoning         Tloc           0%         N/A       100%        2
 Mercury Vapours          Alch/Air       0%         N/A       100%        2
 Momentum Strike          Conj/Tloc      0%         3d8       100%        2
 Call Canine Familiar     Summ           0%         N/A       100%        3
 Passwall                 Erth           0%         N/A       100%        3
 Stone Arrow              Conj/Erth      0%         3d7       100%        3
 Swiftness                Air            0%         N/A       100%        3
 Airstrike                Air            0%         2d(0-16)  100%        4
 Brom's Barrelling Bould  Conj/Erth      0%         2d3       100%        4
 Olgreb's Toxic Radiance  Alch           0%         N/A       100%        4
 Summon Blazeheart Golem  Fire/Summ      0%         N/A       100%        4


Dungeon Overview and Level Annotations

Branches:
Dungeon (8/15)             Temple (1/1) D:4         Ossuary (visited)
 Bailey (visited)
   Lair: D:8-11

Altars:
Ashenzari
Cheibriados
Dithmenos
Elyvilon
Fedhas
Gozag
Hepliaklqana
Makhleb
Nemelex Xobeh
Okawaru
Qazlal
Ru
Sif Muna
Trog
Uskayaw
Vehumet
Wu Jian
Xom
Yredelemnul
Zin
The Shining One


Innate Abilities, Weirdness & Mutations

You regain HP and MP as you explore.


Message History

The eight-headed hydra is lightly wounded.
You block the eight-headed hydra's attack.
GONNNNG!
You block the eight-headed hydra's attack.
GONNNNG!
The eight-headed hydra bites you but does no damage. x2
You block the eight-headed hydra's attack.
GONNNNG!
The eight-headed hydra bites you but does no damage.
The eight-headed hydra bites you!
* * * LOW HITPOINT WARNING * * *
The eight-headed hydra bites you.
* * * LOW HITPOINT WARNING * * *
Your surroundings suddenly seem different.
A tyrant leech, a goliath frog, a seven-headed hydra, 2 drakes and a spriggan rider come into view.
The seven-headed hydra roars!
The swamp drake roars!
The spriggan rider shouts!
The death drake hisses angrily.
You block the goliath frog's attack.
BOUMMMMG!
A bloated husk comes into view.
You block the spriggan rider's attack.
PANG!
You block the tyrant leech's attack.
BOUMMMMG!
A bog body comes into view.
The goliath frog hits you.
* * * LOW HITPOINT WARNING * * *
The acid corrodes you!
You are splashed with acid.
You resist.
* * * LOW HITPOINT WARNING * * *
The seven-headed hydra moves out of view.
The death drake moves out of view.
You hear a shout! x3; You hear an angry hiss.
You hear a shout!
You hear an angry hiss.
As you read the scroll of teleportation, it crumbles to dust.
You feel strangely unstable. You block the spriggan rider's attack.
BOUMMMMG!
You block the tyrant leech's attack.
GONNNNG!
The goliath frog hits you!
You die...

######†#b#.
###b#.#.#.#
#..#.#.#)#.
###.#.#.#.#
# ####.#.#.
#D ##.#.#
#i♣♣# ####.
♣F~# ## ♣@#
# #kw♣# #§k
#♣§ n♣ ♣


You could see a death drake, a seven-headed hydra, a tyrant leech, a spriggan
rider, a goliath frog, a bog body and a swamp drake.

Vanquished Creatures
  An orc warlord (Bailey)
  A two-headed ogre (D:8)
  An orc knight (Bailey)
  A gargoyle (D:8)
  A kobold demonologist (D:8)
  A queen bee (shapeshifter) (D:8)
  2 slime creatures (D:8)
  A steam dragon (D:8)
  A wraith (D:8)
  3 yaks (D:8)
  A vampire mosquito (D:8)
  3 water moccasins
  21 orc warriors
  An ice beast (D:6)
  2 sky beasts
  An ogre (D:4)
  3 centaurs
  A phantom (D:5)
  A kobold brigand (D:5)
  4 bullfrogs
  A scorpion (D:5)
  A gnoll sergeant (D:8)
  6 wights
  A troll zombie (Ossuary)
  2 killer bees (D:8)
  2 howler monkeys
  5 crimson imps
  5 bombardier beetles
  A centaur zombie (Ossuary)
  5 jellies
  3 orc priests
  2 hounds (D:6)
  A gnoll bouda (D:8)
  10 orc wizards
  2 sleepcaps
  3 iguanas
  3 ogre zombies (Ossuary)
  7 mummies (Ossuary)
  9 adders
  6 gnolls
  2 shadow imps
  8 white imps
  2 ufetubi (D:6)
  3 adder zombies (Ossuary)
  2 dart slugs
  38 orcs
  7 bats
  3 endoplasms
  7 giant cockroaches
  22 goblins
  9 hobgoblins
  8 jackals
  5 quokkas
  3 ball pythons
  3 frilled lizards
  3 goblin zombies (Ossuary)
  4 hobgoblin zombies (Ossuary)
  15 kobolds
  6 kobold zombies (Ossuary)
  An orc zombie (Ossuary)
  3 quokka zombies (Ossuary)
  7 rats
  5 rat zombies (Ossuary)
292 creatures vanquished.

Notes
Turn   | Place    | Note
-------+----------+-------------------------------------------
     0 | D:1      | jagang the Human Monk began the quest for the Orb.
     0 | D:1      | Reached XP level 1. HP: 18/18 MP: 1/1
   137 | D:1      | Found a faded altar of an unknown god.
   154 | D:1      | Reached XP level 2. HP: 24/24 MP: 2/2
   208 | D:1      | Reached skill level 1 in Armour
   358 | D:1      | Reached XP level 3. HP: 20/29 MP: 3/3
  1092 | D:2      | Found a broken altar of Ashenzari.
  1141 | D:2      | Reached XP level 4. HP: 36/37 MP: 4/4
  1839 | D:3      | Noticed a bullfrog
  1849 | D:3      | Killed a bullfrog
  1850 | D:3      | Reached XP level 5. HP: 38/42 MP: 5/5
  1986 | D:3      | Found the +18 shield of the Gong {Loud rN+ Will+ rCorr
                  | EV-5}
  2078 | D:3      | Found a stormy altar of Qazlal.
  2591 | D:4      | Identified the +6 dagger of Gefenob {holy, Will+ Int-2
                  | Stlth+}
  2593 | D:4      | Identified the ring of Incredulity {rC+ Str+6 Stlth+}
  2645 | D:5      | Entered Level 5 of the Dungeon
  2645 | D:5      | Noticed an ogre
  2652 | D:4      | Reached XP level 6. HP: 49/49 MP: 6/6
  2671 | D:4      | Reached skill level 1 in Shields
  2895 | D:5      | Reached skill level 5 in Fighting
  2895 | D:5      | Reached XP level 7. HP: 56/56 MP: 7/7
  2916 | D:5      | Reached skill level 5 in Long Blades
  3198 | D:5      | Found a sand-covered staircase.
  3209 | Ossuary  | Entered an ossuary
  3368 | Ossuary  | Reached XP level 8. HP: 64/64 MP: 8/8
  3748 | D:4      | Noticed a +0 dagger
  3748 | D:4      | Noticed a +0 falchion
  3749 | D:4      | Noticed a +0 spear
  3750 | D:4      | Noticed a +0 short sword
  3751 | D:4      | Noticed a +0 spear
  3753 | D:4      | Noticed a +0 dagger
  3791 | D:4      | Found a staircase to the Ecumenical Temple.
  3802 | Temple   | Entered the Ecumenical Temple
  3850 | D:4      | Noticed a +0 falchion
  3851 | D:4      | Noticed a +0 short sword
  3882 | D:4      | Found a hide-covered altar of Uskayaw.
  4272 | D:5      | Found a radiant altar of Vehumet.
  4467 | D:6      | Found a bloodstained altar of Trog.
  4535 | D:5      | Reached skill level 5 in Armour
  4567 | D:6      | Identified the +1 short sword of Cuah {antimagic, rElec
                  | rCorr}
  4668 | D:6      | Found a glowing golden altar of the Shining One.
  4734 | D:6      | Became a worshipper of the Shining One
  4734 | D:6      | Reached * piety under the Shining One
  4734 | D:6      | Reached ** piety under the Shining One
  4738 | D:6      | Reached XP level 9. HP: 71/71 MP: 9/9
  4969 | D:6      | Found a sacrificial altar of Ru.
  5696 | D:7      | Found an iron altar of Okawaru.
  5717 | D:7      | Found a flagged portal.
  5729 | Bailey   | Entered a bailey
  5861 | Bailey   | Reached XP level 10. HP: 48/80 MP: 10/10
  6058 | Bailey   | Noticed an orc warlord
  6074 | Bailey   | Killed an orc warlord
  6075 | Bailey   | Reached skill level 1 in Throwing
  6075 | Bailey   | Reached skill level 5 in Shields
  6077 | Bailey   | Noticed an orc knight
  6192 | Bailey   | Killed an orc knight
  6543 | Bailey   | Reached skill level 10 in Fighting
  6543 | Bailey   | Reached skill level 10 in Long Blades
  6543 | Bailey   | Reached XP level 11. HP: 91/91 MP: 11/11
  6621 | D:7      | Found a basalt altar of Yredelemnul.
  6621 | D:7      | Found an ornate altar of the Wu Jian Council.
  6836 | D:7      | Found a blossoming altar of Fedhas.
  7436 | D:8      | Reached skill level 1 in Invocations
  7465 | D:8      | Found a hazy altar of Hepliaklqana.
  7585 | D:8      | Reached *** piety under the Shining One
  7734 | D:8      | Reached skill level 10 in Armour
  7745 | D:8      | Reached XP level 12. HP: 98/99 MP: 13/13
  7920 | D:8      | Noticed a two-headed ogre
  7927 | D:8      | Noticed an eight-headed hydra
  7928 | D:8      | Killed a two-headed ogre
  8116 | D:8      | Identified a scroll of acquirement
  8116 | D:8      | Acquired a manual of Long Blades
  8217 | D:8      | Noticed a seven-headed hydra
  8218 | D:8      | Mangled by a goliath frog

Illustrated notes

Levels and vault maps discovered:
D:1:      lemuel_arrival_funnel, layout_loops_cross, serial_aquarium,
          aquarium_bridge_long_separate [aquarium_subvault_window,
          aquarium_subvault_wall, aquarium_subvault_bridge,
          aquarium_subvault_bridge, aquarium_subvault_bridge,
          aquarium_subvault_window], aquarium_bridge_square
          [aquarium_subvault_bridge, aquarium_subvault_window,
          aquarium_subvault_wall, aquarium_subvault_bridge], aquarium_window_2,
          aquarium_window_2, aquarium_window_1, aquarium_window_fake,
          aquarium_view_2b, aquarium_view_2f, aquarium_pool_1,
          dreamdust_ecumenical_altar_angels_and_demons
D:2:      layout_basic, basic_altar
D:3:      layout_loops_ring, mainiacjoe_overflow_paths
D:4:      layout_cave_pools, nicolae_uskayaw_en_pointe,
          minmay_temple_entry_mist, serial_bayou_pond_e, grunt_decor_one_mirror
D:5:      layout_cave_pools, mainiacjoe_overflow_catwalk,
          mainiacjoe_ossuary_entry_dusty_tomb
D:6:      layout_basic, mainiacjoe_overflow_concentric_impassable,
          mainiacjoe_overflow_small_starburst, mainiacjoe_overflow_chevrons,
          minmay_hedge_maze, minmay_nine_imps
D:7:      layout_cave_pools, old_standard_altar, kennysheep_mini_moat,
          mainiacjoe_overflow_catwalk_spiral, enter_bailey_3, minmay_checkerbox
D:8:      minmay_the_grid_triangle_9x9_rhombus_full
          [minmay_the_grid_triangle_9x9_checkered,
          minmay_the_grid_triangle_9x9_dagger,
          minmay_the_grid_triangle_9x9_alien,
          minmay_the_grid_triangle_9x9_warning,
          minmay_the_grid_triangle_9x9_descending_squares,
          minmay_the_grid_triangle_9x9_semitri,
          minmay_the_grid_triangle_9x9_thin_v,
          minmay_the_grid_triangle_9x9_prize_top_heavy], layout_basic,
          lemuel_round_altar, grunt_ashenzari_visionary
          [grunt_ashenzari_visionary_swamp, grunt_ashenzari_visionary_snake],
          chequers_garden
Temple:   nicolae_temple_ecumenical_triangle

Skill      XL: |  1  2  3  4  5  6  7  8  9 10 11 12 |
---------------+-------------------------------------+-----
Armour         | 1 2 3 4 5 7 9 10 | 10.2
Fighting       | 4 5 6 8 10 | 10.9
Long Blades    | 4 5 6 8 10 | 10.8
Shields        | 1 2 3 4 6 7 |  7.0
Throwing       | 2 |  2.0
Invocations    | 1 2 |  2.3
Dodging        | |  3.0

Action                     |  1- 3 |  4- 6 |  7- 9 | 10-12 || total
---------------------------+-------+-------+-------+-------++-------
  Melee: Falchion          |    83 |    89 |       |       ||   172
         Dagger            |       |    99 |   574 |   168 ||   841
         Short sword       |       |       |       |    46 ||    46
         Scimitar          |       |       |       |   195 ||   195
         Mace              |       |       |       |     5 ||     5
  Throw: Boomerang         |       |       |     1 |     8 ||     9
         Dart              |       |       |       |    15 ||    15
  Evoke: Wand              |       |       |       |    14 ||    14
    Use: Scroll            |       |     1 |     5 |    13 ||    19
         Potion            |       |       |       |     1 ||     1
   Stab: Distracted        |       |       |     2 |       ||     2
         Sleeping          |       |       |     2 |       ||     2
 Armour: Ring mail         |    50 |    84 |    94 |    36 ||   264
         Robe              |     4 |       |       |       ||     4
         Plate armour      |       |       |       |   113 ||   113
  Dodge: Dodged            |    58 |    75 |    15 |     7 ||   155
  Block: Kite shield       |       |   185 |   652 |   539 ||  1376
